cellophane, neutral male gnomish Healer --- |<..--- |.....---- -..|....|.- -.|-.....- --|........ ---- ----.|.... --*..- ----..| .|.I... |..|. ....... -......---. ....... --... |.. .. | . cellophane the Rhizotomist Experience level: 1 Strength: 9 Dexterity: 8 Constitution: 17 Intelligence: 10 Wisdom: 15 Charisma: 17 Health: 0(15) Energy: 5(6) Def: 2 Gold: 1633 Moves: 2599 Dungeon seed: q6n4pTMMebQNazNp Game ID: cellophane_1525358217 Your Inventory: Coins $ - 1633 gold pieces Weapons B - a +0 orcish dagger Armor e - an uncursed +1 pair of leather gloves (being worn) Comestibles E - an uncursed food ration Scrolls l - an uncursed scroll of taming K - an uncursed scroll of enchant armor Spellbooks h - a blessed spellbook of healing i - a blessed spellbook of extra healing j - a blessed spellbook of stone to flesh Potions c - an uncursed potion of healing d - a blessed potion of extra healing f - 3 uncursed potions of extra healing s - a potion of holy water I - a blessed potion of sleeping Rings F - an uncursed ring of invisibility Wands g - a wand of sleep (0:5) C - a wand of magic missile (0:2) Tools b - an uncursed stethoscope D - an uncursed skeleton key G - an uncursed tin whistle J - 4 uncursed tallow candles (0:200) L - a blessed crystal ball (0:0) Gems n - 2 uncursed worthless pieces of white glass q - 2 uncursed flint stones r - 2 uncursed jasper stones y - 2 uncursed worthless pieces of yellow glass z - 2 uncursed worthless pieces of violet glass H - an uncursed worthless piece of yellowish brown glass N - an uncursed worthless piece of blue glass Y - an uncursed worthless piece of red glass Spells and supernatural/magical abilities: Name Level Category Fail Memory h - healing 1 healing 0% 88% l - light 1 divination 0% 91% x - extra healing 3 healing 62% 88% S - stone to flesh 3 healing 71% 88% W - pray for help -- divine ? -- Your skills at the end: Fighting Skills Weapon Skills knife [Basic] Spellcasting Skills healing spells [Basic] Final Attributes: You were fervently aligned. You were poison resistant. You were blinded. You had infravision. You are dead. Vanquished creatures: 2 small mimics a bugbear 2 shriekers a little dog an orc zombie 7 coyotes 4 hobbits a hobgoblin 5 giant rats 3 cave spiders a brown mold a yellow mold 4 gnomes 2 gnome zombies 3 geckos 3 jackals 2 foxes 4 goblins a sewer rat 9 grid bugs 5 bats 3 lichens 2 kobold zombies 8 newts 75 creatures vanquished. Voluntary challenges: You were an atheist. You never hit with a wielded weapon. You were a pacifist. You read items or engraved 12 times, starting on turn 770. You never genocided any monsters. You never polymorphed an object. You never changed form. You used no wishes. You never split a pudding. You wrote Elbereth's name 4 times, starting on turn 770. You never violated your personal moral code. Dungeon overview: The Dungeons of Doom: levels 1 to 3 Level 1 a long staircase Level 2 Level 3 a general store, a fountain stairs to The Gnomish Mines The Gnomish Mines: levels 4 to 7 Level 4 stairs to The Dungeons of Doom Level 5 Level 6 Level 7 <- You were here History has recorded: On T:1 you entered the Dungeons of Doom to retrieve the Amulet of Yendor! On T:264 you reached level 2 of The Dungeons of Doom. On T:672 you reached level 3 of The Dungeons of Doom. On T:1269 you reached level 1 of The Gnomish Mines. On T:1681 you reached level 2 of The Gnomish Mines. On T:2041 you reached level 3 of The Gnomish Mines. On T:2501 you reached level 4 of The Gnomish Mines. Score breakdown: Gold: 381 ( 8783 points) Experience: 1 level ( 0 points) Exploration: 7 levels ( 14.58%) (10718 points) Discoveries: 7 items ( 2.40%) ( 4644 points) Valuables value: (no points given unless you survive) Artifact value: 0 ( 0 points) Variety of kills: 24 monsters ( 6.30%) ( 7529 points) Turncount: 2599 turns ( -387 points) Survival: died (score multiplied by 80%) Total score: 25029 Latest messages: Azog bites cannibale's ghost. Cannibale's ghost touches azog. Azog misses cannibale's ghost. (3x) Cannibale's ghost touches you! Azog misses cannibale's ghost. (5x) Cannibale's ghost touches you! Azog misses cannibale's ghost. (2x) Azog bites cannibale's ghost. Azog misses cannibale's ghost. (2x) Cannibale's ghost touches you! Azog misses cannibale's ghost. (5x) Cannibale's ghost touches you! Azog bites cannibale's ghost. Cannibale's ghost misses azog. Azog misses cannibale's ghost. (4x) Azog misses the raven. Azog bites the raven. The raven bites! The raven blinds you! You hear some noises. It bites! You die... Final status: Goodbye cellophane the Healer, killed by a raven... You died in The Gnomish Mines on dungeon level 7 with 25029 points, and 1633 pieces of gold, after 2599 moves. You were level 1 with a maximum of 15 hit points when you died.